AoeStats
← TT

Arena

510568527Analyzed
4v4 RM · 18h ago on Oct 1, 2026· 45m 32s· 8 players
Game mode
Random Map
Map size
Large (8 player)
Population
200
Speed
Normal
Resources
Standard
Victory
Conquest
Starting age
Dark Age
Ending age
Imperial Age
RankedLock teamsTeams togetherTeam positionsShared explorationLock speedFull tech treeHidden civsTurbo modeCheats
Victory
Defeat
🇧🇷 Khmer · Brazil
1085
+13
🇪🇸 Franks · Spain
1062
+13
🇵🇰 Persians · Pakistan
1043
+14
🇺🇸 Turks · United States
1026
+15
🇦🇷 Slavs · Argentina
1061
-16
🇮🇩 Britons · Indonesia
1036
-15
🇦🇷 Shu · Argentina
1015
-14
🇮🇩 Franks · Indonesia
908
-10
Standing Alone!
11:05 Feudal Age
12:10 Double-Bit Axe
17:05 Castle Age
15:24 Gold Mining
21:14 Imperial Age
18:50 Horse Collar
23:57 Padded Archer Armor
25:05 Bow Saw
26:00 Wheelbarrow
28:36 Scale Barding Armor
32:31 Heavy Camel Rider
35:35 Loom
39:45 Hand Cart
40:39 Chain Barding Armor
40:30 Forging
40:38 Bloodlines
40:28 Husbandry
43:20 Gold Shaft Mining
44:38 Town Watch
Marttexx
10:12 Feudal Age
10:48 Double-Bit Axe
15:13 Castle Age
17:43 Bow Saw
21:11 Wheelbarrow
22:42 Stone Mining
22:43 Gold Mining
24:32 Gold Shaft Mining
24:55 Hand Cart
26:48 Scale Barding Armor
26:54 Forging
28:35 Chain Barding Armor
29:10 Iron Casting
31:32 Imperial Age
30:08 Pikeman
31:38 Cavalier
32:23 Husbandry
31:44 Light Cavalry
32:56 Conscription
32:37 Chivalry
32:02 Halberdier
34:09 Loom
34:10 Town Watch
35:45 Plate Barding Armor
36:13 Blast Furnace
34:55 Paladin
45:40 Chemistry
44:46 Siege Engineers
NSN WAJID
12:01 Feudal Age
10:20 Loom
16:25 Castle Age
14:32 Double-Bit Axe
15:16 Horse Collar
16:02 Gold Mining
17:33 Wheelbarrow
20:59 Husbandry
21:10 Bloodlines
22:39 Bow Saw
22:51 Heavy Plow
23:40 Gold Shaft Mining
26:49 Stone Mining
27:03 Loom
30:23 Scale Barding Armor
30:28 Forging
32:03 Hand Cart
32:37 Stone Shaft Mining
35:39 Imperial Age
34:17 Iron Casting
34:02 Chain Barding Armor
34:19 Chain Barding Armor
35:35 Cavalier
36:01 Heavy Scorpion
37:58 Two-Man Saw
37:32 Crop Rotation
38:27 Blast Furnace
38:02 Plate Barding Armor
38:14 Plate Barding Armor
39:11 Chemistry
38:31 Ballistics
39:48 Savar
TT
1:39 Loom
13:06 Feudal Age
13:54 Town Watch
17:27 Castle Age
18:56 Horse Collar
22:19 Fletching
30:36 Wheelbarrow
34:22 Imperial Age
34:17 Hand Cart
35:05 Capped Ram
39:02 Ballistics
42:20 Chemistry
40:51 Onager
42:01 Gold Mining
43:55 Siege Ram
45:04 Double Crossbow
44:58 Heavy Scorpion
mAjiCode
11:02 Feudal Age
14:32 Castle Age
12:51 Double-Bit Axe
14:37 Loom
16:04 Gold Mining
16:29 Fletching
25:49 Imperial Age
23:34 Stone Mining
24:20 Bodkin Arrow
25:17 Bow Saw
27:03 Wheelbarrow
27:36 Horse Collar
30:31 Bracer
32:06 Conscription
32:07 Scale Mail Armor
32:18 Forging
31:51 Pikeman
32:33 Squires
33:23 Chain Mail Armor
32:43 Halberdier
36:09 Warwolf
40:22 Yeomen
42:18 Ballistics
Milton Caskito
10:12 Loom
11:59 Feudal Age
13:08 Double-Bit Axe
16:36 Castle Age
14:21 Horse Collar
19:20 Forging
19:13 Heavy Plow
19:42 Bow Saw
23:41 Scale Mail Armor
23:52 Forging
24:22 Ballistics
24:13 Gold Mining
24:14 Stone Mining
24:43 Bow Saw
26:51 Wheelbarrow
26:01 Town Watch
27:52 Bloodlines
27:58 Scale Barding Armor
28:29 Iron Casting
28:18 Husbandry
29:27 Chain Barding Armor
35:33 Imperial Age
33:23 Hand Cart
33:08 Town Patrol
34:07 Pikeman
35:09 Chain Mail Armor
35:00 Squires
36:10 Halberdier
37:53 Blast Furnace
37:24 Plate Mail Armor
37:29 Fletching
37:40 Padded Archer Armor
37:47 Siege Engineers
38:43 Chemistry
37:44 Halberdier
39:43 Elite Boyar
41:24 Bodkin Arrow
42:05 Plate Barding Armor
41:59 Conscription
Archimago del Kirin Tor
7:31 Loom
9:45 Feudal Age
10:19 Double-Bit Axe
10:18 Horse Collar
13:25 Wheelbarrow
17:48 Castle Age
16:17 Gold Mining
17:51 Crossbowman
19:22 Gold Shaft Mining
18:48 Heavy Plow
19:59 Bow Saw
19:53 Stone Mining
21:01 Thumb Ring
21:10 Fletching
22:21 Ballistics
24:22 Padded Archer Armor
25:01 Masonry
26:05 Bodkin Arrow
27:04 Leather Archer Armor
27:56 Leather Archer Armor
31:10 Treadmill Crane
34:54 Imperial Age
35:41 Hand Cart
36:16 Arbalester
37:30 Bracer
38:18 Ring Archer Armor
Picnic
11:25 Feudal Age
12:48 Double-Bit Axe
19:00 Stone Mining
19:04 Gold Mining
22:43 Castle Age
25:41 Wheelbarrow
25:27 Forging
25:18 Scale Mail Armor
28:25 Iron Casting
28:15 Bow Saw
29:22 Loom
34:47 Imperial Age
33:03 Chain Mail Armor
33:09 Squires
32:56 Arson
34:03 Caravan
35:06 Hand Cart
37:32 Elite Throwing Axeman
38:34 Conscription
41:05 Blast Furnace
42:04 Plate Mail Armor
42:32 Gold Shaft Mining
Connection lost

Rejoining the realm…

Still unreachable

The connection could not be restored.

Session expired

The server has moved on; the page needs a fresh start.